 Dungeon Crawl Stone Soup version 0.17-a0-1262-gd250d98 (webtiles) character file.

9041 kidanger the Slicer (level 11, -2/78 HPs)
             Began as a Halfling Berserker on June 6, 2015.
             Was a High Priest of Trog.
             Succumbed to Sonja's curare-tipped needle
             ... on level 10 of the Dungeon.
             The game lasted 00:58:05 (10152 turns).

kidanger the Slicer (Halfling Berserker)           Turns: 10152, Time: 00:58:05

Health: -2/78      AC:  7    Str: 17    XL:     11   Next: 67%
Magic:  11/11      EV: 20    Int:  6    God:    Trog [*****.]
Gold:   468        SH:  0    Dex: 16    Spells: 0 memorised, 10 levels left

rFire  . . .     SeeInvis .     y - +1 short sword (flame)
rCold  . . .     Clarity  .     i - +0 robe of Limited Liability {rElec MR+++ Str-2 Slay+3}
rNeg   . . .     SustAt   .     (shield restricted)
rPois  .         Gourm    .     m - +2 helmet
rElec  +         Spirit   .     x - +1 cloak
rCorr  .         Warding  .     (no gloves)
rMut   .         Stasis   .     s - +2 pair of boots
MR     +++..                    (no amulet)
Stlth  +++.......               (no ring)
                                (no ring)

@: lethally poisoned (-2 -> -49), exhausted, corroded equipment, slowed, very
slow, extremely resistant to hostile enchantments, fairly stealthy
A: mutation resistance 1
a: Burn Spellbooks, Berserk, Trog's Hand, Brothers in Arms, Renounce Religion


You were on level 10 of the Dungeon.
You worshipped Trog.
Trog was extremely pleased with you.
You were very hungry.

You visited 1 branch of the dungeon, and saw 10 of its levels.

You collected 468 gold pieces.

Inventory:

Hand weapons
 q - a +4 short sword of venom
 y - a +1 short sword of flaming (weapon)
Armour
 i - the +0 robe of Limited Liability (worn) {rElec MR+++ Str-2 Slay+3}
   (You found it on level 9 of the Dungeon)

   It affects your strength (-2).
   It affects your accuracy and damage with ranged weapons and melee attacks
   (+3).
   It insulates you from electricity.
   It affects your resistance to hostile enchantments.
 m - a +2 helmet (worn)
 s - a +2 pair of boots (worn)
 x - a +1 cloak (worn)
 z - a +0 scale mail
 A - a +0 plate armour
 H - a +0 ring mail
Magical devices
 a - a wand of cold (7)
 b - a wand of heal wounds (3)
 d - a wand of digging (6)
 r - a wand of draining (7)
 u - a wand of slowing (16)
 B - a wand of enslavement (14)
 C - a wand of confusion (26)
 E - a wand of magic darts (17)
 G - a wand of random effects (11)
Scrolls
 e - 4 scrolls of recharging
 l - 3 scrolls of teleportation
 p - 5 scrolls of identify
 v - 4 scrolls of magic mapping
 w - 5 scrolls of remove curse
 I - a scroll of noise {unknown}
Potions
 c - 2 potions of agility
 g - 2 potions of cancellation
 k - 2 potions of curing
 n - a potion of mutation {unknown}
 t - a potion of flight {unknown}
 D - a potion of lignification
 F - a potion of ambrosia
Comestibles
 f - 2 meat rations
 h - 26 fruits
 j - 7 beef jerkies
 o - 2 bread rations
 J - 4 chunks of flesh


   Skills:
 * Level 8.4 Fighting
 + Level 12.2 Short Blades
 + Level 11.0 Armour
 + Level 7.5 Dodging
 + Level 3.1 Stealth
 + Level 0.6 Evocations


You had 10 spell levels left.
You didn't know any spells.

Dungeon Overview and Level Annotations

Branches:
Dungeon (10/15)            Temple (0/1) D:4
   Lair: D:8-11         Orc: D:9-12

Altars:
Dithmenos
Fedhas
Makhleb
Zin

Shops:
D:9 [

Annotations:
D:9 Erica, Psyche
D:10 Sonja


Innate Abilities, Weirdness & Mutations

You are small and have problems with some larger weapons.
You are somewhat resistant to further mutation.


Message History

* * * LOW HITPOINT WARNING * * *
You feel very sick.
Sonja shoots a curare-tipped needle.
The curare-tipped needle hits you.
You are more poisoned.
You have difficulty breathing.
* * * LOW HITPOINT WARNING * * *
You feel as though you will be slow longer.
Sonja shoots a curare-tipped needle.
The curare-tipped needle barely misses you.
You see here a curare-tipped needle.
You feel your anger subside.
* * * LOW HITPOINT WARNING * * *
You feel very sick.
Sonja shoots a curare-tipped needle.
The curare-tipped needle completely misses you.
You are no longer berserk.
You are exhausted.
You feel as though you will be slow longer.
You are feeling very hungry.
You die...

# ##'#### #.# #.#
#.# #.## ##.# #..#
#..# ##'####
###'### #.....#
#.....# #.....#
#.....# #.....#
#####.....#
#.....###@..'.....#
#)...(##.(###.....#
+....(((.## #.....#
#...(.#### #.....#
#.K...# #.....#
##..### #######
#..## ....< .....u


You could see Sonja.

Vanquished Creatures
  Erolcha (D:8)
  3 hill giants
  An ugly thing (D:10)
  A centaur zombie (D:10)
  A queen bee (D:9)
  A troll (D:10)
  Sigmund (D:3)
  6 yaks (D:10)
  A hippogriff (D:8)
  2 hungry ghosts
  4 orc warriors
  A water moccasin (D:6)
  A black bear (D:8)
  An ice beast (D:5)
  2 phantoms
  2 sky beasts
  The ghost of asdu the Chopper, an average DDGl (D:3)
  A necrophage (D:5)
  2 ogres
  4 centaurs
  2 big kobolds
  3 giant frogs
  A gnoll sergeant (D:6)
  3 scorpions
  16 killer bees
  4 wights (D:6)
  4 crimson imps
  3 hounds
  2 quasits (D:8)
  3 iguanas
  A jelly (D:9)
  7 orc priests
  4 orc wizards
  A giant frog skeleton (D:7)
  Natasha (thrice) (D:3)
  12 worker ants
  A hound zombie (D:7)
  14 gnolls
  9 adders
  A shadow imp (D:5)
  An adder zombie (D:5)
  An adder skeleton (D:8)
  3 giant geckos
  37 orcs
  16 bats
  9 hobgoblins
  4 jackals (D:8)
  23 kobolds
  4 quokkas
  A ball python (D:2)
  9 giant cockroaches
  A giant gecko skeleton (D:6)
  5 giant newts
  13 goblins
  11 rats
  A butterfly (D:7)
  A plant (D:8)
271 creatures vanquished.

Vanquished Creatures (others)
  A kobold (D:9)
1 creature vanquished.

Grand Total: 272 creatures vanquished

Notes
Turn   | Place    | Note
--------------------------------------------------------------
     0 | D:1      | kidanger the Halfling Berserker began the quest for the Orb.
     0 | D:1      | Reached XP level 1. HP: 15/15 MP: 1/1
    74 | D:1      | Reached XP level 2. HP: 16/20 MP: 2/2
   544 | D:1      | Acquired Trog's second power
   574 | D:1      | Reached XP level 3. HP: 26/26 MP: 3/3
  1795 | D:2      | Reached XP level 4. HP: 31/31 MP: 4/4
  1886 | D:3      | Noticed asdu's ghost (average DDGl)
  1902 | D:3      | Killed asdu's ghost
  1902 | D:3      | Reached skill level 5 in Short Blades
  1902 | D:3      | Reached XP level 5. HP: 8/36 MP: 5/5
  1946 | D:3      | Noticed Natasha
  1957 | D:3      | Killed Natasha
  2225 | D:3      | Noticed Natasha
  2246 | D:3      | Reached XP level 6. HP: 42/42 MP: 6/6
  2253 | D:3      | Killed Natasha
  2451 | D:3      | Noticed Sigmund
  2461 | D:3      | Killed Sigmund
  2461 | D:3      | Reached skill level 6 in Short Blades
  2492 | D:3      | Noticed Natasha
  2500 | D:3      | Killed Natasha
  2571 | D:3      | Reached XP level 7. HP: 46/46 MP: 7/7
  2986 | D:4      | Reached skill level 5 in Dodging
  3019 | D:4      | Found a staircase to the Ecumenical Temple.
  3755 | D:4      | Reached skill level 1 in Stealth
  3890 | D:4      | Reached XP level 8. HP: 54/54 MP: 8/8
  4174 | D:5      | Entered Level 5 of the Dungeon
  4191 | D:5      | Reached skill level 7 in Short Blades
  4293 | D:5      | Found a shadowy altar of Dithmenos.
  4307 | D:5      | Reached skill level 5 in Armour
  4648 | D:5      | Acquired Trog's third power
  4829 | D:5      | Reached skill level 8 in Short Blades
  5237 | D:6      | Reached skill level 5 in Fighting
  5237 | D:6      | Reached XP level 9. HP: 56/61 MP: 9/9
  5864 | D:6      | Reached skill level 9 in Short Blades
  6760 | D:7      | Found a runed door.
  6777 | D:7      | Found a runed door.
  6796 | D:7      | Reached XP level 10. HP: 68/68 MP: 10/10
  6798 | D:7      | Received a gift from Trog
  6798 | D:7      | Reached skill level 10 in Short Blades
  7403 | D:8      | Noticed a hill giant
  7414 | D:8      | Killed a hill giant
  7416 | D:8      | Received a gift from Trog
  7954 | D:8      | Noticed Erolcha
  7970 | D:8      | Killed Erolcha
  7970 | D:8      | Reached skill level 11 in Short Blades
  8005 | D:8      | Found a blossoming altar of Fedhas.
  8104 | D:8      | Found a glowing silver altar of Zin.
  8670 | D:9      | Reached XP level 11. HP: 68/75 MP: 11/11
  8744 | D:9      | Reached skill level 10 in Armour
  9271 | D:9      | Noticed Psyche
  9284 | D:9      | Found a burning altar of Makhleb.
  9292 | D:9      | Found Muusetua's Armour Emporium.
  9296 | D:9      | Got a steaming robe
  9333 | D:9      | Noticed Erica
  9333 | D:9      | Noticed a cyclops
  9353 | D:10     | Entered Level 10 of the Dungeon
  9691 | D:10     | Reached skill level 12 in Short Blades
  9706 | D:10     | Identified the +0 robe of Limited Liability {rElec MR+++ Str-2 Slay+3} (You found it on level 9 of the Dungeon)
  9773 | D:10     | Noticed Sonja
  9773 | D:10     | Noticed a brown ugly thing
  9936 | D:10     | Noticed a hill giant
  9937 | D:10     | Killed a hill giant
 10048 | D:10     | Noticed a hill giant
 10061 | D:10     | Killed a hill giant
 10147 | D:10     | Killed a brown ugly thing
 10151 | D:10     | HP: 3/117 [poisoned by Sonja (curare-tipped needle)]
 10152 | D:10     | Succumbed to Sonja's curare-tipped needle

Vault maps used:
D:1:      ncdulo_halloftheorcs, minmay_misc_feat_square,
          wad_floor_pattern_untrapped, roderic_roman_lattice
D:2:      first_bread, minmay_goblin_kobold_house
D:3:      uniq_natasha, uniq_sigmund
D:4:      minmay_temple_entry_crystal_x
D:5:      basic_altar, minivault_4
D:7:      lemuel_insect_pit
D:8:      fedhas_altar_4, basic_altar, minmay_misc_feat_tiny,
          blue_anna_alchemist, uniq_erolcha
D:9:      serial_shops, shop, basic_altar, minivault_7, uniq_gastronok,
          uniq_erica, uniq_psyche
D:10:     lair_0_dummy, uniq_sonja

Action                   |  1- 3 |  4- 6 |  7- 9 | 10-12 || total
-------------------------+-------+-------+-------+-------++-------
Melee: Short sword       |    97 |    80 |   473 |   589 ||  1239
Invok: Berserk           |     3 |     3 |     6 |     6 ||    18
       Burn Spellbooks   |       |       |     2 |     1 ||     3
       Trog's Hand       |       |       |       |     4 ||     4
Evoke: Wand              |       |       |     1 |     4 ||     5
  Use: Scroll            |     7 |     5 |     4 |     4 ||    20
       Potion            |       |       |     8 |     9 ||    17
 Stab: Invisible         |       |       |     2 |       ||     2
       Distracted        |       |       |       |     1 ||     1
       Sleeping          |       |       |       |     1 ||     1
  Eat: Chunk             |     3 |       |    18 |    11 ||    32
       Bread ration      |     1 |     1 |       |     1 ||     3
       Fruit             |       |       |     1 |       ||     1
       Royal jelly       |       |       |       |     1 ||     1
